 Dungeon Crawl Stone Soup version 0.21-a0-215-g0631661 (webtiles) character file.

70 Gorglomux the Skirmisher (level 4, -1/41 HPs)
             Began as a Hill Orc Conjurer on Aug 22, 2017.
             Slain by a wight
             ... wielding a cursed +5 long sword
              (8 damage)
             ... on level 3 of the Dungeon.
             The game lasted 00:05:05 (2413 turns).

Gorglomux the Skirmisher (Hill Orc Conjurer)        Turns: 2413, Time: 00:05:06

Health: -1/41      AC:  4    Str: 11    XL:     4   Next: 21%
Magic:  1/6        EV: 12    Int: 15    God:
Gold:   103        SH:  0    Dex: 14    Spells: 3/6 levels left

rFire    . . .     SeeInvis .   g - +1 dagger (venom)
rCold    . . .     Gourm    .   (no shield)
rNeg     . . .     Faith    .   a - +0 robe
rPois    .         Spirit   .   (no helmet)
rElec    .         Reflect  .   (no cloak)
rCorr    .         Harm     .   C - +1 pair of gloves {Dex+3}
MR       .....                  (no boots)
Stlth    ++........             (no amulet)
HPRegen  0.13/turn              (no ring)
MPRegen  0.10/turn              (no ring)

@: drained
A: no striking features
a: no special abilities


You were on level 3 of the Dungeon.
You were not hungry.

You visited 1 branch of the dungeon, and saw 3 of its levels.

You collected 103 gold pieces.

Inventory:

Hand Weapons
 g - a +1 dagger of venom (weapon)
Armour
 a - a +0 robe (worn)
 C - a +1 pair of gloves of dexterity (worn)
Scrolls
 d - a scroll of magic mapping {unknown}
 h - 3 scrolls of amnesia {unknown}
 i - 3 scrolls of teleportation {unknown}
 k - 4 scrolls of remove curse {unknown}
 n - 3 scrolls of blinking {unknown}
 o - a scroll of fear {unknown}
 B - a scroll of identify {unknown}
 D - a scroll of enchant armour {unknown}
 G - a scroll of fog {unknown}
 H - a scroll of enchant weapon {unknown}
Potions
 j - a potion of agility {unknown}
 l - 2 potions of curing
 p - a potion of might {unknown}
 E - a potion of magic {unknown}
Books
 b - a book of Conjurations

   Spells                             Type                      Level
   a - Magic Dart                     Conjuration                  1
   b - Searing Ray                    Conjuration                  2
   c - Dazzling Spray                 Conjuration/Hexes            3
   d - Fulminant Prism                Conjuration/Hexes            4
   e - Force Lance                    Conjuration/Translocation    4
   f - Iskenderun's Mystic Blast      Conjuration                  4
Comestibles
 c - 2 bread rations
 z - a meat ration
 F - 3 chunks of flesh


   Skills:
 + Level 4.4(3.8) Fighting
 - Level 1.5(1.0) Dodging
 - Level 1.5(1.0) Stealth
 - Level 1.5(1.0) Spellcasting
 - Level 4.0(3.4) Conjurations


You had 3 spell levels left.
You knew the following spells:

 Your Spells              Type           Power        Failure   Level  Hunger
a - Magic Dart            Conj           ##..         6%          1    ##.....
b - Searing Ray           Conj           ##....       9%          2    ###....


Dungeon Overview and Level Annotations

Branches:
Dungeon (3/15)

Altars:
Dithmenos
Elyvilon


Message History

The wight hits you with an enchanted long sword!!!
You are butt injured to fight recklessly!!!
You skewer the wight but do no damage!
The wight is butt-ly damaged!
The wight hits you but does no damage!
You are too injured to fight recklessly!!!
You perforate the wight but do no damage!
The wight is severely damaged!
The wight hits you with an enchanted long sword!!! * * * don't die
* * * You feel drained!
Casting: Searing Ray
Confirm with ! or Enter, or press ? or * to list all spells!
Aiming: Magic Dart
Press: ? - help, Shift-Dir - straight line, butt - wight
Aim: a wight, wielding an enchanted long sword and wearing a butt (severely damaged)
The magic dart hits the wight!
The wight is severely damaged!
The wight hits you with an enchanted long sword!!! rip

##########..... #########
................ #..........# ##
................ +........... ..
................ #..........# #.
............[... #..........# #.
................ #..........# #.
........÷....... #..........# #.
...........#######..........###.
...........†..z@................
...........#######.......(......
...........#######..............
.................#####...###....
########+##.z....# #...# #....
#.r....## #...# #.... #.......#
#...# #.... #.......# #...#
#.... ####....# #...# #....


You could see a wight.

Vanquished Creatures
  An adder (D:2)
  An ooze (D:2)
  4 worms
  2 giant cockroaches
  11 goblins
  9 hobgoblins
  4 kobolds
  2 quokkas (D:2)
  5 bats
  A frilled lizard (D:1)
  4 rats
44 creatures vanquished.

Notes
Turn   | Place    | Note
-------+----------+-------------------------------------------
     0 | D:1      | Gorglomux the Hill Orc Conjurer began the quest for the Orb.
     0 | D:1      | Reached XP level 1. HP: 14/14 MP: 3/3
    71 | D:1      | Reached skill level 1 in Fighting
   152 | D:1      | Reached XP level 2. HP: 24/24 MP: 4/4
   659 | D:1      | Reached skill level 3 in Fighting
   660 | D:1      | Reached XP level 3. HP: 31/31 MP: 5/5
  1509 | D:2      | Learned a level 2 spell: Searing Ray
  1681 | D:2      | Reached XP level 4. HP: 29/40 MP: 6/6
  2111 | D:2      | Found a white marble altar of Elyvilon.
  2120 | D:2      | Found a shadowy altar of Dithmenos.
  2361 | D:3      | Found a faded altar of an unknown god.
  2413 | D:3      | Slain by a wight

Vault maps used:
D:1:      ncdulo_lavacross, st_stairs_12, minmay_statues_item
D:2:      amethyst_overflow_temple_binary
D:3:      chequers_ecumenical_altar_island

Skill      XL: |  1  2  3 |
---------------+----------+-----
Fighting       | 1 3 4 |  4.4
Dodging        | |  1.5
Stealth        | |  1.5
Spellcasting   | |  1.5
Conjurations   | |  4.0

Action                   |  1- 3 |  4- 6 || total
-------------------------+-------+-------++-------
Melee: Dagger            |   104 |    25 ||   129
 Cast: Magic Dart        |    10 |     1 ||    11
       Searing Ray       |       |     1 ||     1
 Stab: Sleeping          |     1 |       ||     1
  Eat: Chunk             |     3 |     2 ||     5
Armor: Robe              |    22 |     2 ||    24
Dodge: Dodged            |    72 |    11 ||    83

Table legend:
 A = Spawn XP
 B = Non-spawn XP
 C = Spawn XP percentage of total XP
 D = Spawn monster count
 E = Non-spawn monster count
 F = Spawn count percentage of total count
 G = Total turns spent on level
                    A         B        C        D         E        F      G
               +---------+---------+-------+---------+---------+-------+---------
         Total |      19 |      81 |  19.0 |       5 |      39 |  11.4 |  2413
               +---------+---------+-------+---------+---------+-------+---------
           D:1 |       3 |      34 |   8.1 |       2 |      21 |   8.7 |   851
           D:2 |      16 |      34 |  32.0 |       3 |      12 |  20.0 |  1440
           D:3 |       0 |      13 |   0.0 |       0 |       6 |   0.0 |   122
               +---------+---------+-------+---------+---------+-------+---------
